 Dungeon Crawl Stone Soup version 0.31-a0-819-gf6de2f5ab6 (webtiles) character file.

Game seed: 3427166918739407376

3577 TheScarfBastard the Basher (level 9, -10/85 HPs)
             Began as a Green Draconian Berserker on Sept 23, 2023.
             Was a High Priest of Trog.
             Killed from afar by Erica (22 damage)
             ... with a lance of force
             ... on level 8 of the Dungeon.
             The game lasted 00:22:50 (7213 turns).

TheScarfBastard the Basher (DrBe)                   Turns: 7213, Time: 00:22:50

Health: -10/85     AC:  8    Str: 26    XL:     9   Next: 84%
Magic:  9/9        EV: 14    Int:  7    God:    Trog [*****.]
Gold:   351        SH: 12    Dex: 15    Spells: 8/8 levels left

rFire   . . .        d - +6 hammer (protect)
rCold   x . .        n - +2 kite shield
rNeg    . . .        (body armour unavailable)
rPois   +            w - +1 hat
rElec   .            (no cloak)
rCorr   .            (no gloves)
SInv    .            (no boots)
Will    .....        (no amulet)
Stlth   ++           s - +6 ring of strength
HPRegen 0.34/turn    (no ring)
MPRegen 0.11/turn

%: no passive effects
@: lethally poisoned (-10 -> -20), slowed, very slow
A: breathe noxious fumes, AC +7, unfitting armour, poison resistance,
cold-blooded, robust 1, cold vulnerability 1, inability to read after injury 1
a: Breathe Noxious Fumes, Renounce Religion, Berserk, Trog's Hand, Brothers in
Arms


You were on level 8 of the Dungeon.
You worshipped Trog.
Trog was extremely pleased with you.
You visited 2 branches of the dungeon, and saw 9 of its levels.
You also visited: Sewer.

You collected 377 gold pieces.
You spent 26 gold pieces at shops.

Inventory:

Hand Weapons
 a - a +0 falchion
 d - a +6 hammer of protection (weapon)
Missiles
 v - 2 throwing nets
Armour
 n - a +2 kite shield (worn)
 w - a +1 hat (worn)
Magical Staves
 i - a staff of fire
 m - a staff of death
Jewellery
 e - a ring of fire
 s - a +6 ring of strength (left hand)
Wands
 b - a wand of acid (3)
 j - a wand of polymorph (5)
 z - a wand of charming (22)
 A - a wand of mindburst (9)
 F - a wand of iceblast (14)
Scrolls
 c - a scroll of butterflies
 f - a scroll of silence
 g - a scroll of revelation {unknown}
 h - 2 scrolls of poison
 k - 3 scrolls of teleportation
 o - 2 scrolls of fog
 r - a scroll of amnesia {unknown}
 t - 3 scrolls of blinking
 u - a scroll of vulnerability {unknown}
 y - a scroll of torment {unknown}
 C - a scroll of fear
 E - a scroll of identify
Potions
 p - a potion of haste
 q - a potion of enlightenment
 x - a potion of magic {unknown}


   Skills:
 + Level 6.6 Fighting
 + Level 4.4 Long Blades
 + Level 8.0 Maces & Flails
 + Level 7.0 Dodging
 + Level 2.3 Stealth
 + Level 6.1 Shields


You had 8 spell levels left.
You didn't know any spells.
Your spell library was empty.

Dungeon Overview and Level Annotations

Branches:
Dungeon (8/15)             Temple (1/1) D:7           Sewer (visited)
   Lair: D:8-11

Altars:
Ashenzari
Dithmenos
Elyvilon
Fedhas
Hepliaklqana
Makhleb
Nemelex Xobeh
Okawaru
Qazlal
Ru
Sif Muna
Trog
Uskayaw
Vehumet
Yredelemnul
Zin
The Shining One

Shops:
D:4 *

Annotations:
D:6 2 transporters, ytrimaz's ghost, novice DrSh
D:8 Erica


Innate Abilities, Weirdness & Mutations

You can breathe blasts of noxious fumes.
Your lurid green scales are hard. (AC +7)
You cannot fit into any form of body armour.
Your system is resistant to poisons. (rPois)
You are cold-blooded and may be slowed by cold attacks.
You are robust. (+10% HP)
You are vulnerable to cold. (rC-)
You occasionally lose the ability to read scrolls when taking damage.


Message History

Deactivating autopickup; reactivate with Ctrl-A.
You closely miss something. You kick something.
Your tail-slap misses something.
You feel very sick. Something hits you. Something burns you.
Something hits you but does no damage.
You barely miss something. You kick something.
You feel sick. Something hits you! Something burns you.
You barely miss something.
Your tail-slap misses something.
You feel sick. Something barely misses you.
You hear some strange, mumbled words.
A lance of force appears from out of thin air!
The lance of force misses you.
You hit something.
Your weapon exudes an aura of protection.
You feel sick.
You hear some strange, mumbled words.
Something tries to affect you, but you resist.
Something hits you.
* * * LOW HITPOINT WARNING * * *
Something burns you.
* * * LOW HITPOINT WARNING * * *
You feel better. Something hits you.
* * * LOW HITPOINT WARNING * * *
Something burns you.
* * * LOW HITPOINT WARNING * * *
You feel extremely strange.
Your hooves expand and flesh out into feet!
You feel genetically unstable.
You occasionally lose the ability to read scrolls when taking damage.
You feel vulnerable to cold.
You feel robust.
You hear some strange, mumbled words.
A bolt of poison appears from out of thin air!
The bolt of poison hits you!
You are poisoned.
You resist.
* * * LOW HITPOINT WARNING * * *
You hear some strange, mumbled words.
A lance of force appears from out of thin air!
The lance of force hits you!!
You die...

##..)## #.# .#
#.###)######.# .# ..#
#......#.# .#
#<###).###.#.####.###
#.)))#..............#
#.#).............##.#
#.#..#.###.#.###.#
.## ..#..#.# #.#.#
#.#...# ..#.....
....# #@{.#
####.#.###.###
#.....# ....# #.
#..#.## #.# . .
.....# ## #.#### #.#
#.# ..#


There were no monsters in sight!

Vanquished Creatures
  A cyclops (D:6)
  Grinder (D:6)
  Sigmund (D:6)
  A steam dragon (D:6)
  2 black bears
  An ice beast (D:5)
  2 orc warriors
  2 ogres (D:5)
  2 phantoms
  A gnoll sergeant (D:5)
  2 scorpions
  2 bullfrogs (Sewer)
  4 wights (D:8)
  3 howler monkeys
  4 hounds
  3 iguanas
  7 orc priests
  Crazy Yiuf (D:3)
  A jelly (D:7)
  3 gnoll boudas
  2 sleepcaps (D:4)
  Ijyb (D:3)
  9 orc wizards
  12 gnolls
  2 river rats (D:6)
  11 adders
  A shadow imp (D:7)
  A white imp (D:5)
  5 worms (D:6)
  4 dart slugs
  24 orcs
  17 endoplasms
  14 giant cockroaches
  11 goblins
  5 hobgoblins
  2 jackals (D:1)
  5 kobolds
  9 quokkas
  11 ball pythons
  2 bats
  14 frilled lizards
  3 rats
209 creatures vanquished.

Vanquished Creatures (others)
  An orc wizard (D:6)
  An orc (D:6)
2 creatures vanquished.

Grand Total: 211 creatures vanquished

Notes
Turn   | Place    | Note
-------+----------+-------------------------------------------
     0 | D:1      | TheScarfBastard the Draconian Berserker began the quest for
                  | the Orb.
     0 | D:1      | Reached XP level 1. HP: 19/19 MP: 1/1
   258 | D:1      | Reached XP level 2. HP: 25/26 MP: 2/2
  1075 | D:2      | Found a hazy altar of Hepliaklqana.
  1187 | D:2      | Reached XP level 3. HP: 27/31 MP: 3/3
  1651 | D:3      | Gained mutation: You are somewhat resistant to further
                  | mutation. [potion of mutation]
  1651 | D:3      | Gained mutation: You have large cloven feet. [potion of
                  | mutation]
  1654 | D:3      | Found a faded altar of an unknown god.
  1728 | D:3      | Noticed Ijyb
  1736 | D:3      | Killed Ijyb
  1737 | D:3      | Reached XP level 4. HP: 40/40 MP: 4/4
  1787 | D:3      | Found a runed translucent door.
  1788 | D:3      | Noticed Crazy Yiuf
  1795 | D:3      | Killed Crazy Yiuf
  2421 | D:4      | Found a shadowy altar of Dithmenos.
  2431 | D:4      | Reached XP level 5. HP: 46/46 MP: 5/5
  2431 | D:4      | Reached ** piety under Trog
  2496 | D:4      | Reached skill level 1 in Maces & Flails
  2639 | D:4      | Reached skill level 2 in Maces & Flails
  2728 | D:4      | Found Yjat Waboa's General Store.
  2795 | D:4      | Bought a scroll of identify for 26 gold pieces
  2979 | D:4      | Found a broken altar of Ashenzari.
  2992 | D:4      | Reached skill level 1 in Shields
  2992 | D:4      | Reached XP level 6. HP: 47/52 MP: 6/6
  3197 | D:5      | Entered Level 5 of the Dungeon
  3221 | D:5      | Reached skill level 1 in Stealth
  3222 | D:5      | Reached skill level 3 in Maces & Flails
  3252 | D:5      | Your scales start taking on a lurid green colour.
  3252 | D:5      | Reached XP level 7. HP: 33/60 MP: 7/7
  3252 | D:5      | Gained mutation: Your system is resistant to poisons.
                  | (rPois) [Green Draconian growth]
  3627 | D:5      | Found a sacrificial altar of Ru.
  3631 | D:5      | Found a white marble altar of Elyvilon.
  3682 | D:5      | Reached *** piety under Trog
  3683 | D:5      | Reached skill level 4 in Maces & Flails
  3828 | D:5      | Reached skill level 5 in Fighting
  3833 | D:5      | Reached skill level 5 in Dodging
  3962 | D:5      | Reached XP level 8. HP: 68/68 MP: 8/8
  3973 | D:5      | Reached skill level 5 in Maces & Flails
  4507 | D:6      | Reached skill level 6 in Maces & Flails
  4727 | D:6      | Found a glowing drain.
  4733 | Sewer    | Entered a sewer
  4819 | Sewer    | Reached **** piety under Trog
  5154 | D:6      | Noticed a cyclops
  5167 | D:6      | Killed a cyclops
  5168 | D:6      | Reached skill level 7 in Maces & Flails
  5168 | D:6      | Reached XP level 9. HP: 69/75 MP: 9/9
  5339 | D:6      | Noticed Grinder
  5344 | D:6      | Paralysed by Grinder for 4 turns
  5350 | D:6      | Killed Grinder
  5351 | D:6      | Reached skill level 5 in Shields
  5371 | D:6      | Found a broken altar of Ashenzari.
  5372 | D:6      | Noticed Sigmund
  5457 | D:6      | Found a transporter.
  5458 | D:6      | Found a transporter.
  5464 | D:6      | Noticed ytrimaz's ghost (novice DrSh)
  5529 | D:6      | Identified the ring "Kuyb" {rC- rN+ EV+5 Str+3}
  5633 | D:6      | Killed Sigmund
  5997 | D:7      | Found a hide-covered altar of Uskayaw.
  5997 | D:7      | Found a burning altar of Makhleb.
  6075 | D:7      | Found a radiant altar of Vehumet.
  6459 | D:7      | Found a glowing silver altar of Zin.
  6510 | D:7      | Reached ***** piety under Trog
  6771 | D:7      | Found a staircase to the Ecumenical Temple.
  6781 | Temple   | Entered the Ecumenical Temple
  7099 | D:8      | Reached skill level 8 in Maces & Flails
  7191 | D:8      | Noticed Erica
  7213 | D:8      | Lost mutation: You have large cloven feet. [potion of
                  | mutation]
  7213 | D:8      | Lost mutation: You are somewhat resistant to further
                  | mutation. [potion of mutation]
  7213 | D:8      | Gained mutation: You occasionally lose the ability to read
                  | scrolls when taking damage. [potion of mutation]
  7213 | D:8      | Gained mutation: You are vulnerable to cold. (rC-) [potion
                  | of mutation]
  7213 | D:8      | Gained mutation: You are robust. (+10% HP) [potion of
                  | mutation]
  7213 | D:8      | Killed from afar by Erica

Illustrated notes

Levels and vault maps discovered:
D:1:      wander_arrival_peaceful_grave, layout_basic
D:2:      layout_basic, basic_altar
D:3:      layout_basic, hellmonk_ecumenical_altar_heavens_door, uniq_ijyb,
          uniq_crazy_yiuf_cottage
D:4:      layout_cave_pools, mainiacjoe_overflow_concentric_impassable,
          serial_shops, nicolae_square_shop, solitary_fountain,
          kennysheep_diamond, minmay_increasing_density
D:5:      layout_layer_cave, grunt_temple_overflow_open, nicolae_grassy_gnolls
D:6:      layout_basic, nicolae_ashenzari_panopticon,
          gammafunk_ghost_gnarly_gnolls, serial_glass, glass_columns_b,
          glass_columns_b, lightli_sewer_entry_pipes, uniq_sigmund, uniq_grinder
D:7:      layout_cave_pods, minitemple, zin_treasury, lemuel_temple_firewalk_b,
          abandoned_shop
D:8:      layout_loops_ring, minmay_overflow_temple_star_hex, uniq_erica,
          uniq_gastronok
Temple:   nicolae_temple_bog_church

Skill      XL: |  1  2  3  4  5  6  7  8  9 |
---------------+----------------------------+-----
Dodging        | 3 4 5 6 7 |  7.0
Long Blades    | 4 |  4.4
Fighting       | 4 5 6 |  6.6
Maces & Flails | 2 3 4 7 8 |  8.0
Shields        | 1 3 4 6 |  6.1
Stealth        | 1 2 |  2.3

Action                     |  1- 3 |  4- 6 |  7- 9 || total
---------------------------+-------+-------+-------++-------
  Melee: Falchion          |    95 |     2 |       ||    97
         Tailslap          |     8 |     9 |    38 ||    55
         Kick              |     1 |    25 |    79 ||   105
         Mace              |       |   101 |   403 ||   504
 Invoke: Berserk           |     2 |     1 |     5 ||     8
    Use: Scroll            |     6 |     4 |     5 ||    15
         Potion            |     2 |     4 |     6 ||    12
   Stab: Sleeping          |       |       |     1 ||     1
 Armour: Skin              |    73 |    98 |   293 ||   464
  Dodge: Dodged            |    83 |    67 |   269 ||   419
  Block: Kite shield       |       |    63 |   287 ||   350

Table legend: (Time is in decaauts)
 A = Elapsed time spent in this place.
 B = Non-inter-level travel time spent in this place.
 C = Inter-level travel time spent in this place.
 D = Time resting spent in this place.
 E = Time spent auto-exploring this place.
 F = Levels seen in this place.
 G = Mean time per level.
                   A        B        C        D        E       F      G
               +--------+--------+--------+--------+--------+-----+--------+
         Total |   7551 |   7255 |    296 |      0 |   4872 |  10 |  755.1 |
       Dungeon |   7036 |   6772 |    264 |      0 |   4872 |   8 |  879.5 |
        Temple |     61 |     29 |     32 |      0 |      0 |   1 |   61.0 |
         Sewer |    452 |    452 |      0 |      0 |      0 |   1 |  452.0 |
               +--------+--------+--------+--------+--------+-----+--------+

Top non-repeatable levels by time:
     D:7: 1243 daAuts
     D:5: 1241 daAuts
     D:6: 1124 daAuts
     D:2: 895 daAuts
     D:3: 888 daAuts
     D:4: 839 daAuts
     D:1: 636 daAuts
   Sewer: 452 daAuts
     D:8: 167 daAuts
  Temple: 61 daAuts
